Map: Tropical Sacrifice

Players

Mixu - Winner!

  • Race: Zerg Zerg
  • Spawn Location: 7:00

PtitDrogo

  • Race: Protoss Protoss
  • Spawn Location: 1:00

Event: DreamHack SC2 Masters 2022 Atlanta (Offline)

VOD

Have the link to the VOD?

Description

Time

  • Played on: Nov. 18, 2022, 10:23 a.m.
  • Length: 27:44

All games in this series

Show
View Real Time Build Order
Export as new Build Order

Mixu Zerg - Winner!

Build Orders: Hatch First 

Get SALT Encoding   

  12  0:00  Drone  
  13  0:13  Overlord  
  13  0:17  Drone  
  14  0:32  Drone x2  
  16  0:48  Drone  
  17  0:56  Drone  
  18  0:57  Hatchery  
  18  0:59  Drone  
  18  1:10  Extractor  
  17  1:15  Spawning Pool  
  17  1:18  Drone  
  17  1:22  Drone  
  18  1:29  Drone  
  20  1:40  Drone  
  20  1:50  Overlord  
  20  2:02  Queen  
  22  2:10  Queen, Drone  
  22  2:11  Zergling x2  
  22  2:14  Zergling x2, Metabolic Boost  
  27  2:20  Drone  
  28  2:25  Drone  
  29  2:32  Drone  
  30  2:40  Hatchery  
  30  2:43  Drone  
  30  2:47  Drone  
  31  2:51  Queen  
  31  2:55  Overlord  
  34  2:58  Drone  
  34  3:00  Drone  
  34  3:03  Drone  
  36  3:07  Spore Crawler  
  35  3:14  Drone  
  35  3:15  Queen  
  35  3:17  Drone  
  35  3:19  Drone x2  
  41  3:24  Drone  
  41  3:25  Drone x2  
  44  3:40  Overlord  
  44  3:48  Spore Crawler  
  44  3:51  Queen  
  44  3:53  Zergling x8  
  44  3:54  Drone  
  50  3:59  Spore Crawler  
  50  4:00  Queen  
  50  4:02  Drone x4  
  55  4:07  Overlord  
  55  4:08  Drone  
  55  4:09  Drone  
  57  4:16  Drone  
  58  4:20  Overlord  
  58  4:27  Drone x4  
  58  4:29  Drone x2  
  62  4:33  Overlord  
  62  4:35  Drone x3  
  62  4:36  Drone  
  62  4:37  Drone  
  65  4:42  Drone x2  
  67  4:52  Hatchery  
  66  4:53  Drone x2  
  66  4:57  Drone  
  66  4:58  Drone  
  70  5:00  Drone x3  
  70  5:06  Roach Warren  
  72  5:08  Drone x3  
  72  5:09  Drone  
  72  5:11  Drone  
  77  5:16  Lair  
  77  5:19  Drone x4  
  81  5:21  Extractor  
  81  5:22  Evolution Chamber  
  81  5:25  Extractor  
  81  5:26  Drone x2, Overlord  
  81  5:28  Extractor  
  78  5:29  Spore Crawler  
  78  5:33  Drone  
  78  5:34  Drone x3  
  81  5:41  Drone  
  80  5:47  Spore Crawler  
  80  5:48  Drone x2  
  80  5:52  Zerg Melee Weapons Level 1  
  80  5:53  Drone x2, Extractor  
  80  6:04  Drone x6  
  86  6:08  Overlord  
  86  6:09  Extractor  
  85  6:11  Drone  
  85  6:16  Drone x9  
  85  6:17  Spire, Overlord  
  94  6:19  Overseer  
  94  6:23  Overlord  
  94  6:30  Zergling x8  
  94  6:31  Glial Reconstitution, Overlord  
  96  6:48  Overlord x2  
  96  6:51  Zergling x14  
  96  6:53  Roach x7  
  116  6:57  Drone x2  
  116  6:59  Drone, Extractor  
  118  7:03  Baneling Nest  
  118  7:04  Drone  
  118  7:09  Drone x2  
  118  7:14  Overseer  
  118  7:15  Overlord  
  120  7:19  Drone  
  120  7:20  Drone  
  120  7:22  Pneumatized Carapace  
  122  7:23  Drone x4  
  122  7:28  Extractor  
  125  7:31  Overlord x2  
  125  7:33  Mutalisk x8  
  125  7:35  Overlord x2  
  141  7:48  Baneling x3  
  141  7:52  Zerg Melee Weapons Level 2, Centrifugal Hooks  
  145  7:58  Zergling x22  
  145  8:00  Hatchery  
  145  8:05  Roach x8  
  167  8:15  Zergling x2  
  167  8:16  Zergling x12  
  174  8:25  Infestation Pit  
  174  8:26  Evolution Chamber  
  170  8:27  Overlord  
  170  8:28  Overlord  
  170  8:29  Roach x2  
  174  8:35  Overlord  
  174  8:38  Overlord  
  170  8:44  Zergling x14  
  170  8:46  Ravager x5  
  170  8:47  Ravager x3  
  181  8:51  Drone x3  
  180  8:58  Roach x5  
  180  8:59  Roach x5  
  195  9:07  Overseer  
  195  9:08  Baneling x3  
  195  9:09  Baneling x16  
  195  9:14  Zergling x10  
  200  9:28  Overseer x2  
  200  9:30  Hive  
  200  9:35  Spine Crawler  
  200  9:36  Spine Crawler  
  198  9:40  Baneling x16  
  198  9:44  Spore Crawler  
  193  9:47  Zergling x20  
  199  9:58  Zergling x14  
  198  10:10  Baneling x6  
  198  10:18  Zergling x6  
  192  10:28  Zergling x2, Baneling x2, Roach x5  
  175  10:29  Zergling x24  
  175  10:34  Roach x2  
  198  10:37  Baneling x20  
  196  10:48  Zergling x2  
  196  10:49  Zergling x14  
  196  10:55  Zergling x8  
  178  11:00  Zergling x10  
  173  11:05  Roach x7  
  175  11:12  Adrenal Glands  
  175  11:14  Roach x10  
  175  11:17  Baneling x19  
  191  11:20  Roach  
  191  11:25  Zerg Flyer Armor Level 1  
  191  11:29  Drone x3  
  191  11:30  Baneling x2  
  191  11:32  Drone x2  
  193  11:33  Extractor x2  
  193  11:37  Drone  
  193  11:39  Roach x4  
  195  11:46  Corruptor x2  
  195  11:47  Overlord x2  
  197  11:59  Corruptor x5  
  165  12:09  Zergling x18  
  165  12:14  Corruptor x2  
  169  12:17  Corruptor  
  169  12:18  Corruptor  
  169  12:21  Corruptor  
  173  12:23  Queen  
  173  12:28  Corruptor x2  
  179  12:34  Zergling x8  
  180  12:43  Corruptor x4  
  173  12:46  Zergling x4  
  180  12:55  Overseer  
  180  12:56  Zergling x12  
  180  13:10  Zergling x16  
  188  13:18  Zergling x6  
  191  13:23  Overseer  
  191  13:24  Zerg Melee Weapons Level 3  
  191  13:26  Zerg Missile Weapons Level 1, Zerg Flyer Armor Level 2  
  191  13:27  Overseer, Hatchery  
  191  13:34  Baneling x8  
  188  13:42  Corruptor x2  
  191  13:50  Drone x4  
  193  14:08  Spire, Viper  
  193  14:09  Viper  
  198  14:10  Corruptor  
  198  14:12  Spore Crawler, Extractor  
  198  14:14  Spine Crawler  
  198  14:15  Spine Crawler  
  198  14:16  Spore Crawler  
  195  14:17  Extractor  
  195  14:22  Overseer  
  190  14:52  Zergling x36  
  200  15:04  Pathogen Glands  
  194  15:27  Drone x7  
  193  15:35  Drone  
  193  15:36  Drone x2  
  193  15:39  Greater Spire  
  190  15:43  Zerg Flyer Armor Level 3  
  190  15:46  Drone  
  190  15:52  Hatchery  
  190  15:53  Overseer x2  
  186  15:59  Drone x4  
  186  16:01  Neural Parasite  
  186  16:03  Spore Crawler x2  
  185  16:04  Spore Crawler  
  185  16:05  Spore Crawler x3  
  185  16:06  Spore Crawler x3  
  185  16:07  Spore Crawler  
  185  16:10  Infestor x5  
  189  16:16  Drone x7  
  189  16:17  Drone  
  195  16:21  Burrow  
  189  16:52  Brood Lord x3  
  195  17:00  Overlord  
  195  17:05  Brood Lord  
  195  17:06  Brood Lord  
  195  17:08  Spore Crawler, Extractor  
  198  17:09  Spore Crawler  
  198  17:11  Extractor  
  195  17:18  Zerg Flyer Weapons Level 1  
  195  17:22  Brood Lord  
  197  17:23  Brood Lord  
  192  17:49  Corruptor x9  
  194  17:52  Drone x4  
  194  17:57  Baneling x3  
  196  17:59  Drone x3  
  199  18:09  Overseer  
  199  18:10  Zerg Ground Armor Level 1  
  199  18:20  Baneling  
  198  18:28  Corruptor  
  200  19:02  Drone  
  200  19:04  Extractor  
  200  19:06  Spine Crawler  
  200  19:07  Spine Crawler x3  
  195  19:16  Infestor x5  
  191  19:19  Spore Crawler  
  190  19:26  Zerg Flyer Weapons Level 2  
  190  19:29  Drone x5  
  190  19:30  Drone  
  190  19:31  Overseer x3  
  194  19:38  Viper  
  195  19:43  Overlord  
  183  19:47  Zergling x10  
  179  19:54  Zergling x8  
  179  19:55  Zergling x8  
  173  20:18  Corruptor x5  
  173  20:19  Corruptor x3  
  178  20:27  Drone x2  
  177  20:29  Drone x13  
  177  20:30  Ultralisk Cavern  
  177  20:34  Hatchery  
  175  20:36  Viper  
  178  20:44  Baneling  
  178  20:45  Zergling x6, Baneling x5  
  181  20:53  Hatchery  
  180  20:59  Brood Lord, Infestor  
  180  21:00  Infestor x2  
  188  21:15  Overlord  
  188  21:39  Ultralisk  
  194  21:40  Chitinous Plating  
  194  21:43  Zerg Ground Armor Level 2  
  194  21:44  Drone x17  
  194  21:46  Drone, Hatchery  
  191  21:49  Spore Crawler, Drone  
  191  21:51  Spore Crawler x3  
  191  21:52  Spore Crawler  
  184  21:55  Drone x2  
  186  22:02  Drone x2  
  188  22:09  Zerg Flyer Weapons Level 3  
  188  22:10  Overseer  
  188  22:33  Ultralisk x2  
  190  22:49  Zergling x16  
  191  22:52  Infestor  
  164  23:22  Brood Lord  
  164  23:23  Corruptor x4, Brood Lord x2  
  164  23:26  Drone x2  
  164  23:27  Drone  
  179  23:29  Drone x2  
  179  23:34  Drone x3  
  183  23:39  Drone x3  
  186  23:41  Baneling x3  
  186  23:42  Baneling, Drone  
  187  24:01  Corruptor  
  187  24:02  Corruptor  
  191  24:07  Overseer  
  191  24:14  Hatchery  
  191  24:15  Zergling x12  
  196  24:30  Overseer  
  191  24:46  Ultralisk  
  197  24:56  Extractor  
  197  24:57  Infestor x5  
  197  24:58  Spore Crawler  
  197  24:59  Spine Crawler  
  188  25:04  Drone x2, Overlord  
  188  25:05  Drone  
  189  25:07  Hatchery  
  189  25:09  Overlord  
  189  25:11  Spore Crawler x4  
  189  25:12  Spore Crawler x2  
  189  25:13  Spore Crawler  
  181  25:28  Zergling x22  
  192  25:31  Drone x4  
  194  25:44  Zergling x6, Hatchery  
  193  25:50  Overseer, Infestor  
  193  25:52  Infestor  
  195  26:04  Corruptor  
  193  26:07  Overlord  
  180  26:33  Drone  
  180  26:34  Infestor x6  
  180  26:36  Drone x4  
  185  26:40  Zergling x24  
  185  26:46  Infestor x5  
  197  26:49  Evolution Chamber  
  197  26:50  Evolution Chamber  
  197  26:51  Infestor  
  193  26:57  Zergling x14  
  200  27:08  Corruptor x2  
Show
View Real Time Build Order
Export as new Build Order

PtitDrogo Protoss 

Build Orders: 1 Gate Expand, Oracle Opening, Carriers, Zealot Archon 

Get SALT Encoding   

  12  0:00  Probe  
  13  0:12  Probe  
  14  0:20  Pylon  
  14  0:24  Probe  
  15  0:38  Probe (Chrono Boost)  
  15  0:40  Gateway  
  16  0:48  Probe (Chrono Boost)  
  17  0:52  Assimilator  
  17  0:53  Probe (Chrono Boost)  
  18  1:04  Probe  
  19  1:17  Probe  
  20  1:29  Nexus  
  20  1:39  Cybernetics Core  
  20  1:42  Probe  
  21  1:48  Assimilator  
  21  1:54  Probe  
  21  1:59  Pylon  
  22  2:06  Probe  
  23  2:14  Adept (Chrono Boost)  
  23  2:18  Probe  
  23  2:22  Stargate  
  26  2:31  Warp Gate, Probe (Chrono Boost)  
  27  2:37  Adept  
  27  2:41  Probe (Chrono Boost)  
  31  2:49  Probe (Chrono Boost)  
  32  2:51  Probe (Chrono Boost)  
  32  2:56  Probe x2 (Chrono Boost)  
  34  3:03  Oracle (Chrono Boost)  
  34  3:07  Probe  
  34  3:11  Probe  
  39  3:13  Pylon  
  39  3:19  Gateway, Probe  
  40  3:23  Probe  
  41  3:30  Oracle (Chrono Boost)  
  41  3:32  Probe  
  45  3:36  Probe  
  46  3:44  Probe  
  46  3:48  Probe  
  48  3:52  Nexus  
  48  3:55  Pylon  
  48  3:59  Probe  
  48  4:00  Probe  
  50  4:04  Oracle  
  53  4:11  Probe, Assimilator  
  53  4:13  Probe  
  53  4:14  Assimilator  
  55  4:19  Pylon  
  55  4:20  Adept  
  55  4:23  Probe  
  55  4:33  Probe  
  55  4:35  Probe (Chrono Boost)  
  57  4:40  Twilight Council, Forge  
  57  4:43  Robotics Facility  
  57  4:45  Probe (Chrono Boost)  
  58  4:56  Probe (Chrono Boost)  
  58  4:57  Probe (Chrono Boost)  
  60  5:00  Zealot x2  
  60  5:02  Shield Battery  
  60  5:04  Probe (Chrono Boost)  
  60  5:05  Probe (Chrono Boost)  
  60  5:07  Probe (Chrono Boost)  
  67  5:08  Gateway  
  67  5:09  Charge  
  67  5:13  Protoss Ground Weapons Level 1 (Chrono Boost), Probe (Chrono Boost)  
  70  5:16  Probe x2 (Chrono Boost)  
  70  5:18  Probe (Chrono Boost)  
  71  5:25  Dark Shrine, Probe  
  71  5:26  Probe  
  73  5:30  Probe  
  73  5:32  Observer (Chrono Boost)  
  75  5:36  Pylon  
  75  5:37  Probe  
  75  5:38  Probe, Pylon  
  77  5:50  Probe  
  77  5:54  Probe x2  
  77  5:56  Assimilator x2  
  80  5:59  Gateway  
  80  6:02  Probe  
  80  6:03  Gateway  
  81  6:04  Gateway  
  81  6:06  Robotics Bay  
  81  6:07  Gateway  
  81  6:09  Gateway  
  81  6:11  Probe x2  
  83  6:20  Gateway  
  83  6:21  Gateway  
  83  6:23  Pylon  
  83  6:24  Pylon  
  83  6:27  Probe x2  
  83  6:29  Photon Cannon  
  85  6:34  Probe  
  86  6:41  Blink  
  86  6:43  Dark Templar x3  
  86  6:46  Probe  
  93  6:54  Disruptor (Chrono Boost)  
  93  6:58  Nexus  
  93  7:00  Pylon  
  93  7:01  Photon Cannon  
  96  7:05  Protoss Ground Weapons Level 2 (Chrono Boost)  
  96  7:06  Phoenix  
  98  7:23  Disruptor (Chrono Boost)  
  98  7:25  Stalker x4  
  98  7:26  Stalker  
  98  7:28  Probe x2  
  98  7:29  Shield Battery  
  113  7:31  Photon Cannon  
  113  7:34  Pylon  
  113  7:35  Gateway  
  113  7:36  Gateway  
  113  7:46  Probe x2  
  113  7:47  Photon Cannon  
  113  7:49  Photon Cannon  
  113  7:51  Disruptor (Chrono Boost), Pylon  
  115  7:53  Probe  
  115  7:55  Archon, Dark Templar  
  115  7:58  Probe  
  122  8:00  Gateway  
  122  8:03  Phoenix (Chrono Boost)  
  124  8:06  Archon, Assimilator  
  124  8:08  Assimilator  
  124  8:10  Stargate x2  
  124  8:17  Shield Battery  
  124  8:18  Shield Battery  
  124  8:22  Phoenix (Chrono Boost)  
  126  8:31  Stalker x6  
  135  8:44  Observer  
  135  8:46  Probe  
  137  9:02  Fleet Beacon  
  135  9:03  Probe (Chrono Boost)  
  136  9:13  Dark Templar x5, Probe (Chrono Boost)  
  136  9:16  Pylon  
  147  9:18  Archon x2, Pylon  
  147  9:19  Pylon  
  147  9:21  Gateway  
  147  9:23  Gateway  
  146  9:37  Disruptor (Chrono Boost), Stalker x2  
  146  9:38  Stalker x6  
  165  9:48  Zealot x4  
  173  9:59  Probe  
  169  10:00  Probe  
  169  10:04  Probe x2  
  169  10:05  Carrier (Chrono Boost)  
  177  10:18  Zealot  
  177  10:20  Carrier (Chrono Boost)  
  179  10:23  Probe (Chrono Boost)  
  179  10:24  Probe x2 (Chrono Boost)  
  179  10:25  Probe (Chrono Boost)  
  179  10:27  Zealot  
  171  10:36  Probe x3 (Chrono Boost)  
  171  10:41  Probe (Chrono Boost)  
  170  10:43  Probe x3 (Chrono Boost)  
  170  10:45  Carrier (Chrono Boost)  
  165  10:50  Probe  
  156  11:03  Probe x3  
  142  11:13  Stalker x2  
  142  11:15  Probe  
  144  11:32  Pylon  
  144  11:34  Pylon  
  144  11:35  Pylon  
  142  11:45  Pylon  
  142  11:50  Carrier (Chrono Boost)  
  108  12:15  Dark Templar x5  
  112  12:20  Disruptor (Chrono Boost)  
  105  12:45  Probe (Chrono Boost)  
  98  12:53  Probe (Chrono Boost)  
  98  12:57  Probe (Chrono Boost)  
  95  12:58  Probe (Chrono Boost)  
  95  13:03  Probe (Chrono Boost)  
  95  13:04  Probe (Chrono Boost)  
  110  13:07  Probe (Chrono Boost)  
  110  13:08  Probe  
  111  13:12  Void Ray (Chrono Boost)  
  111  13:14  Void Ray (Chrono Boost)  
  111  13:17  Dark Templar x2, Void Ray (Chrono Boost)  
  111  13:18  Zealot x4  
  123  13:21  Archon  
  123  13:26  Gateway  
  123  13:27  Gateway  
  116  13:55  Zealot x6  
  118  13:58  Probe x2  
  118  13:59  Probe  
  127  14:05  Void Ray (Chrono Boost)  
  127  14:13  Nexus  
  127  14:17  Pylon  
  127  14:21  Dark Templar  
  129  14:30  Dark Templar x2  
  133  14:38  Shield Battery  
  133  14:39  Photon Cannon  
  129  14:50  Templar Archives  
  123  15:03  Pylon  
  123  15:04  Void Ray x2 (Chrono Boost)  
  127  15:25  Zealot x5  
  127  15:28  Gateway  
  136  15:38  Zealot x3  
  136  15:39  Psionic Storm  
  134  15:48  High Templar x5  
  140  16:09  Shield Battery  
  140  16:10  Gateway  
  136  16:12  Photon Cannon  
  136  16:16  Dark Templar  
  134  16:27  Dark Templar  
  134  16:28  Zealot x2  
  134  16:31  Archon  
  134  16:32  Archon  
  132  16:45  Dark Templar  
  134  16:52  Protoss Air Weapons Level 1 (Chrono Boost)  
  132  17:08  Shield Battery  
  132  17:11  Carrier (Chrono Boost)  
  132  17:13  Carrier (Chrono Boost)  
  144  17:38  Photon Cannon  
  143  17:52  Pylon  
  143  17:54  Carrier (Chrono Boost)  
  147  18:09  Carrier (Chrono Boost)  
  159  18:17  Carrier (Chrono Boost)  
  155  18:38  Protoss Air Weapons Level 2 (Chrono Boost)  
  155  18:41  Carrier (Chrono Boost)  
  155  18:43  Zealot  
  155  18:44  Zealot  
  155  18:48  Nexus  
  165  18:52  Pylon  
  165  18:53  Stalker  
  163  19:06  Carrier (Chrono Boost)  
  169  19:10  High Templar  
  171  19:18  Shield Battery  
  171  19:33  Carrier (Chrono Boost)  
  177  19:47  Zealot x3  
  154  20:18  Archon  
  146  20:27  Carrier x2 (Chrono Boost)  
  146  20:28  Carrier (Chrono Boost)  
  152  20:33  High Templar  
  158  20:43  High Templar x2  
  162  20:51  Probe  
  162  20:55  Protoss Air Weapons Level 3 (Chrono Boost)  
  163  20:57  Assimilator  
  163  20:59  Assimilator  
  163  21:07  Probe (Chrono Boost)  
  164  21:16  Probe (Chrono Boost)  
  165  21:21  Probe (Chrono Boost)  
  166  21:29  Zealot x2  
  166  21:30  Zealot  
  172  21:33  Probe  
  172  21:36  Carrier (Chrono Boost)  
  179  21:42  Dark Templar  
  179  21:45  Carrier (Chrono Boost), Probe  
  182  22:03  High Templar x3  
  182  22:06  Archon  
  182  22:07  Zealot, Archon  
  182  22:08  Zealot, High Templar  
  192  22:09  High Templar  
  192  22:15  Archon  
  189  22:35  Zealot x2  
  189  22:36  Zealot x3  
  197  22:45  Shield Battery, Void Ray  
  193  22:58  Disruptor  
  176  23:18  High Templar x3  
  154  23:35  Carrier x2 (Chrono Boost)  
  166  23:52  Carrier (Chrono Boost)  
  166  24:10  High Templar  
  166  24:14  Stalker  
  168  24:28  Zealot x3  
  168  24:29  Zealot x3  
  174  24:42  Observer (Chrono Boost)  
  174  24:53  Pylon  
  174  25:13  Pylon  
  174  25:17  Zealot x4  
  161  25:52  Nexus  
  139  26:19  Zealot  
  139  26:20  Zealot x3  
  147  26:45  Observer (Chrono Boost)  
  147  26:46  High Templar  
  147  26:47  High Templar  
  152  26:50  Archon  
Tags
 
Add a new tag
Caveats
  • Supply blocks, unpowered buildings, or Contaminate may cause inaccurate times.
  • Supply counts are checked every 10 seconds.